 Dungeon Crawl Stone Soup version 0.29-a0-817-g9904bce7a6 (webtiles) character file.

Game seed: 10655712673800154046

17387 Mgcat the Cleaver (level 12, -3/118 HPs)
             Began as an Ogre Berserker on July 5, 2022.
             Was a Believer of Trog.
             Slain by a gargoyle
             ... wielding a +0 morningstar
              (20 damage)
             ... in a volcano.
             The game lasted 00:27:28 (17617 turns).

Mgcat the Cleaver (Ogre Berserker)                 Turns: 17617, Time: 00:27:29

Health: -3/118     AC: 11    Str: 32    XL:     12   Next: 47%
Magic:  21/21      EV:  9    Int:  7    God:    Trog [**....]
Gold:   312        SH: 12    Dex:  7    Spells: 11/11 levels left

rFire   + + .      SeeInvis .   F - +0 war axe (flame)
rCold   + . .      Faith    .   B - +0 kite shield
rNeg    . . .      Spirit   .   A - +0 steam dragon scales
rPois   .          Reflect  +   l - +2 hat {Will+}
rElec   +          Harm     .   f - +1 cloak
rCorr   .          Rampage  .   (gloves unavailable)
Will    ++...                   (boots unavailable)
Stlth   +++.......              c - amulet of reflection
HPRegen 0.29/turn               w - ring of protection from fire {rF+, !d}
MPRegen 0.17/turn               r - ring "Xucoggod" {rF+ rC+ MP+9 Stlth+}

@: on berserk cooldown, hasted and slowed
A: large, unfitting armour, tough skin 1, frail 1, electricity resistance,
strong 1
a: Renounce Religion, Berserk, Trog's Hand


You were in a volcano.
You worshipped Trog.
Trog was pleased with you.
You visited 2 branches of the dungeon, and saw 13 of its levels.
You also visited: Sewer and Volcano.

You collected 1085 gold pieces.
You spent 773 gold pieces at shops.

Inventory:

Hand Weapons
 F - a +0 war axe of flaming (weapon)
   (You took it off an orc on level 10 of the Dungeon)
Missiles
 H - a throwing net {=f, !d}
Armour
 f - a +1 cloak (worn)
   (You found it on level 1 of the Dungeon)
 l - a +2 hat of willpower (worn)
   (You took it off Gastronok on level 7 of the Dungeon)
 A - +0 steam dragon scales (worn)
   (You took it off Maggie on level 8 of the Dungeon)
 B - a +0 kite shield (worn)
   (You took it off a gnoll sergeant on level 9 of the Dungeon)
Jewellery
 c - an amulet of reflection (around neck)
   (You found it on level 3 of the Dungeon)
 g - a ring of willpower
   (You found it on level 1 of the Dungeon)
 r - the ring "Xucoggod" (right hand) {rF+ rC+ MP+9 Stlth+}
   (You found it on level 5 of the Dungeon)

   [ring of protection from fire]

   rF:        It protects you from fire.
   rC:        It protects you from cold.
   MP:        It affects your magic capacity (+9).
   Stlth:     It makes you more stealthy.
 w - a ring of protection from fire (left hand) {rF+, !d}
   (You found it on level 7 of the Dungeon)
 z - a ring of positive energy {rN+}
   (You found it on level 8 of the Dungeon)
 I - an amulet of guardian spirit {Spirit}
   (You found it on level 11 of the Dungeon)
Wands
 e - a wand of roots (7)
   (You took it off Natasha on level 3 of the Dungeon)
 p - a wand of digging (1)
   (You found it on level 4 of the Dungeon)
 q - a wand of polymorph (7)
   (You found it on level 5 of the Dungeon)
 t - a wand of flame (12)
   (You took it off Ijyb on level 5 of the Dungeon)
 u - a wand of mindburst (20)
   (You found it on level 6 of the Dungeon)
 y - a wand of light (5)
   (You found it on level 8 of the Dungeon)
Scrolls
 a - a scroll of brand weapon
 k - 3 scrolls of magic mapping {!r}
 m - 3 scrolls of teleportation
 C - 2 scrolls of fear
 E - 2 scrolls of poison {!r}
 G - a scroll of blinking {!r}
 K - 2 scrolls of identify
Potions
 b - 4 potions of berserk rage {!q}
 d - a potion of resistance
 h - 9 potions of curing
 i - 5 potions of lignification {!q}
 j - a potion of haste
 n - 6 potions of attraction {!q}
 o - 2 potions of mutation {!q}
 s - 3 potions of ambrosia
 x - 3 potions of flight
 D - a potion of invisibility
 J - a potion of brilliance {unknown}
Miscellaneous
 v - a phantom mirror
   (You found it on level 10 of the Dungeon)


   Skills:
 + Level 12.2 Fighting
 * Level 12.9 Axes
 + Level 4.6 Armour
 - Level 6.7 Dodging
 - Level 4.1 Stealth
 + Level 5.1 Shields
 + Level 5.2 Evocations


You had 11 spell levels left.
You didn't know any spells.
Your spell library was empty.

Dungeon Overview and Level Annotations

Branches:
Dungeon (11/15)            Temple (0/1) D:6            Lair (2/6) D:10
    Orc (0/2) D:10          Sewer (visited)         Volcano (1/1)
  Swamp: Lair:2-4    Shoals: Lair:2-4     Snake: Lair:2-4    Spider: Lair:2-4

Altars:
Cheibriados
Dithmenos
Elyvilon
Fedhas
Gozag
Okawaru
Wu Jian
Yredelemnul
Zin

Shops:
D:1 ?   D:6 =*:[   D:7 [   D:11 [

Annotations:
D:5 1 runed translucent door, Ajdolov's ghost, novice OgGl
D:8 3 runed translucent doors, nago's ghost, novice DjSu
D:11 1 runed translucent door, Megustar's ghost, journeyman DEFE


Innate Abilities, Weirdness & Mutations

You are too large for most types of armour.
You have tough skin. (AC +1)
You are frail. (-10% HP)
You are resistant to electric shocks. (rElec)
Your muscles are strong. (Str +4, Int/Dex -1)


Message History

You block the salamander mystic's attack.
Warning x3: The gargoyle can cast Stone Arrow!
The ynoxinul can cast Iron Shot!
The salamander mystic can haste allies and casts IMB!
You slash the salamander mystic!
The salamander mystic is almost dead.
You closely miss the ufetubus.
The ufetubus hits you but does no damage.
The ufetubus barely misses you.
You block the salamander mystic's attack.
Warning x3: The gargoyle can cast Stone Arrow!
The ynoxinul can cast Iron Shot!
The salamander mystic can haste allies and casts IMB!
You barely miss the salamander mystic.
The salamander mystic is almost dead.
You closely miss the ufetubus.
Warning x3: The gargoyle can cast Stone Arrow!
The ynoxinul can cast Iron Shot!
The salamander mystic can haste allies and casts IMB!
You slice the salamander mystic!!
You kill the salamander mystic!
Trog accepts your kill.
Trog appreciates your killing of a magic user.
You slice the ynoxinul!! You burn the ynoxinul.
A molten gargoyle comes into view. It is wielding a +0 mace.
Warning x3: The gargoyle can cast Stone Arrow!
The ynoxinul can cast Iron Shot!
The molten gargoyle can cast Stone Arrow!
You slash the ynoxinul! You burn the ynoxinul.
You kill the ynoxinul!
Trog accepts your kill.
The ufetubus disappears in a puff of smoke!
Warning x2: The gargoyle can cast Stone Arrow!
The molten gargoyle can cast Stone Arrow!
Spoiler Alert: The molten gargoyle can cast Stone Arrow!
You feel a strong urge to attack something.
You see here a +1 scimitar of flaming.
Warning x2: The gargoyle can cast Stone Arrow!
The molten gargoyle can cast Stone Arrow!
Warning x2: The gargoyle can cast Stone Arrow!
The molten gargoyle can cast Stone Arrow!
You feel your anger nearly subside.
You are no longer berserk.
You are exhausted.
You feel yourself slow down.
You now have 105/118 hp.
Warning x2: The gargoyle can cast Stone Arrow!
The molten gargoyle can cast Stone Arrow!
Warning x2: The molten gargoyle can cast Stone Arrow!
The gargoyle can cast Stone Arrow!
Warning x2: The molten gargoyle can cast Stone Arrow!
The gargoyle can cast Stone Arrow!
The molten gargoyle blasts magma at you!
The bolt of magma hits you! You partially resist.
You see here a +0 mace.
You take 15 damage, and have 91/118 hp.
Warning x2: The molten gargoyle can cast Stone Arrow!
The gargoyle can cast Stone Arrow!
The molten gargoyle blasts magma at you!
The bolt of magma hits you! You partially resist.
You see here a +0 mace.
You take 10 damage, and have 81/118 hp.
Warning x2: The gargoyle can cast Stone Arrow!
The molten gargoyle can cast Stone Arrow!
You feel yourself speed up.
Spoiler Alert: The molten gargoyle can cast Stone Arrow!
You barely miss the molten gargoyle. The molten gargoyle closely misses you.
Warning x2: The gargoyle can cast Stone Arrow!
The molten gargoyle can cast Stone Arrow!
You hit the molten gargoyle.
The molten gargoyle is lightly damaged.
The molten gargoyle hits you with a +0 mace!
You are engulfed in flames.
You resist.
You take 18 damage, and have 64/118 hp.
Warning x2: The gargoyle can cast Stone Arrow!
The molten gargoyle can cast Stone Arrow!
You hit the molten gargoyle.
The molten gargoyle is moderately damaged.
The molten gargoyle blasts magma at you!
The bolt of magma misses you.
Warning x2: The molten gargoyle can cast Stone Arrow!
The gargoyle can cast Stone Arrow!
You hit the molten gargoyle.
The molten gargoyle is moderately damaged.
You slash the gargoyle! You burn the gargoyle.
The molten gargoyle blasts magma at you!
The bolt of magma hits you! You partially resist.
The gargoyle hurls a stone arrow at you.
The stone arrow misses you.
You take 7 damage, and have 57/118 hp.
Warning x2: The molten gargoyle can cast Stone Arrow!
The gargoyle can cast Stone Arrow!
You slash the molten gargoyle!
The molten gargoyle is severely damaged.
You hit the gargoyle. You burn the gargoyle.
The gargoyle hits you with a +0 morningstar.
The molten gargoyle hits you but does no damage.
You take 1 damage, and have 56/118 hp.
Warning x2: The molten gargoyle can cast Stone Arrow!
The gargoyle can cast Stone Arrow!
You hit the molten gargoyle but do no damage.
The molten gargoyle is severely damaged.
You hit the gargoyle but do no damage.
The molten gargoyle hits you with a +0 mace!
You are engulfed in flames.
You resist. The gargoyle closely misses you.
You take 13 damage, and have 43/118 hp.
Warning x2: The molten gargoyle can cast Stone Arrow!
The gargoyle can cast Stone Arrow!
You hit the gargoyle but do no damage.
The gargoyle is severely damaged.
You hit the molten gargoyle but do no damage.
The gargoyle hurls a stone arrow at you.
The stone arrow hits you!!
* * * LOW HITPOINT WARNING * * *
The molten gargoyle blasts magma at you!
The bolt of magma misses you.
You take 26 damage, and have 17/118 hp.
MASSIVE DAMAGE!!
Warning x2: The molten gargoyle can cast Stone Arrow!
The gargoyle can cast Stone Arrow!
You hit the gargoyle. You burn the gargoyle.
The gargoyle is severely damaged.
You slash the molten gargoyle! You block the molten gargoyle's attack.
The gargoyle hits you with a +0 morningstar!!
You die...

#### #≈≈# #######≈≈#
#........# #..)..)..#
#..####99# .. #..# #@.# .
#..####..# #. #.9'.##.)#
#.. #.9####..# #.#
#..####..# #.# #..'.##..#
o #..##.)####..#
≈≈≈§#..#..# #..########
§○○≈≈≈..'..####..##8..8.##


You could see a molten gargoyle and a gargoyle.

Vanquished Creatures
  Gastronok (D:7)
  Fannar (D:11)
  A boulder beetle (D:11)
  3 death yaks (D:10)
  A salamander mystic (Volcano)
  Pikel (D:8)
  A salamander (Volcano)
  A cyclops (D:11)
  3 gargoyles (Volcano)
  Maggie (D:8)
  Psyche (D:8)
  An efreet (Volcano)
  A cane toad (Lair:1)
  5 komodo dragons
  3 trolls
  A polar bear (Lair:1)
  2 wraiths (D:9)
  12 yaks
  A wyvern (Lair:2)
  A ynoxinul (Volcano)
  2 basilisks (Lair:1)
  A steam dragon (D:9)
  5 water moccasins
  5 orc warriors
  A black bear (D:5)
  2 ice beasts
  A sky beast (D:8)
  4 wolves (Lair:1)
  2 centaurs
  A necrophage (D:4)
  6 bullfrogs
  4 gnoll sergeants
  10 killer bees
  An electric eel (D:6)
  12 howler monkeys
  2 hounds
  9 orc priests
  A gnoll bouda (D:10)
  2 jellies (D:7)
  4 iguanas
  Jessica (D:3)
  Ijyb (D:5)
  Natasha (thrice) (D:3)
  10 orc wizards
  3 hell rats
  9 adders
  28 gnolls
  5 river rats
  A shadow imp (D:4)
  An ufetubus (D:6)
  2 worms (D:3)
  3 dart slugs (D:1)
  52 orcs
  6 bats
  5 endoplasms
  A goblin (D:2)
  4 hobgoblins
  11 kobolds
  4 quokkas
  3 ball pythons
  2 frilled lizards (D:1)
  19 rats
291 creatures vanquished.

Vanquished Creatures (others)
  An endoplasm (D:4)
  8 fungi
  5 plants
14 creatures vanquished.

Grand Total: 305 creatures vanquished

Notes
Turn   | Place    | Note
-------+----------+-------------------------------------------
     0 | D:1      | Mgcat the Ogre Berserker began the quest for the Orb.
     0 | D:1      | Reached XP level 1. HP: 24/24 MP: 1/1
   164 | D:1      | Reached XP level 2. HP: 29/32 MP: 2/2
   257 | D:1      | Found a faded altar of an unknown god.
   457 | D:1      | Found Kanixun's Magic Scroll Shop.
   606 | D:1      | Reached skill level 3 in Dodging
   606 | D:1      | Reached XP level 3. HP: 40/40 MP: 3/3
  1408 | D:3      | Noticed Natasha
  1408 | D:3      | Found a white marble altar of Elyvilon.
  1532 | D:3      | Reached skill level 4 in Axes
  1532 | D:3      | Reached XP level 4. HP: 25/49 MP: 4/4
  1662 | D:3      | Found a glowing drain.
  1663 | D:3      | HP: 18/73 [poisoned by an adder]
  1668 | D:3      | HP: 14/73 [poisoned by an adder]
  1734 | Sewer    | Entered a sewer
  1892 | Sewer    | Reached ** piety under Trog
  1928 | Sewer    | Reached skill level 5 in Fighting
  1928 | Sewer    | Reached XP level 5. HP: 57/57 MP: 5/5
  2051 | D:3      | Noticed Jessica
  2058 | D:3      | Killed Jessica
  2152 | D:3      | Killed Natasha
  2221 | D:3      | Noticed Natasha
  2228 | D:3      | Killed Natasha
  2229 | D:3      | Reached skill level 5 in Axes
  2232 | D:3      | Noticed Natasha
  2250 | D:3      | Killed Natasha
  2251 | D:3      | Reached XP level 6. HP: 28/66 MP: 6/6
  2492 | D:3      | You fall into a shaft and drop 3 floors!
  2968 | D:5      | Entered Level 5 of the Dungeon
  3289 | D:4      | Reached skill level 4 in Dodging
  3578 | D:4      | Reached XP level 7. HP: 70/70 MP: 7/7
  3582 | D:4      | Reached skill level 6 in Fighting
  3597 | D:4      | Reached skill level 1 in Stealth
  3923 | D:4      | Found a glowing silver altar of Zin.
  3949 | D:4      | Found an opulent altar of Gozag.
  4043 | D:4      | Found a snail-covered altar of Cheibriados.
  4053 | D:4      | Found an ornate altar of the Wu Jian Council.
  4074 | D:4      | Reached skill level 6 in Axes
  4166 | D:4      | Found a shadowy altar of Dithmenos.
  4169 | D:4      | Found a blossoming altar of Fedhas.
  4171 | D:4      | Found an iron altar of Okawaru.
  4176 | D:4      | Found a basalt altar of Yredelemnul.
  4870 | D:5      | Identified the ring "Xucoggod" {rF+ rC+ MP+9 Stlth+}
  5103 | D:5      | Reached skill level 2 in Stealth
  5103 | D:5      | Reached XP level 8. HP: 84/84 MP: 8/8
  5150 | D:5      | Noticed Ijyb
  5162 | D:5      | Killed Ijyb
  5239 | D:5      | Found a runed translucent door.
  5240 | D:5      | Noticed Ajdolov's ghost (novice OgGl)
  5428 | D:6      | Found a staircase to the Ecumenical Temple.
  5505 | D:6      | Reached skill level 7 in Fighting
  5505 | D:6      | Reached skill level 7 in Axes
  5519 | D:6      | HP: 21/87 [ice beast (2)]
  5524 | D:6      | HP: 15/87 [something (1)]
  5527 | D:6      | HP: 5/87 [ice beast (6)]
  5899 | D:6      | Reached skill level 5 in Dodging
  6399 | D:6      | Found Zoceug's Assorted Antiques.
  6406 | D:6      | Found Pyveaq Jihuw's Antique Armour Emporium.
  6407 | D:6      | Found Jivvopulu's Book Emporium.
  6407 | D:6      | Found Lifesav's Jewellery Boutique.
  6476 | D:6      | Bought a scroll labelled QASCHI YR HUY for 26 gold pieces
  6476 | D:6      | Bought a scroll of identify for 52 gold pieces
  6476 | D:6      | Bought a scroll of identify for 52 gold pieces
  6478 | D:6      | Gained mutation: You are frail. (-10% HP) [potion of
                  | mutation]
  6478 | D:6      | Gained mutation: Your muscles are strong. (Str +4, Int/Dex
                  | -1) [potion of mutation]
  6478 | D:6      | Gained mutation: You are resistant to electric shocks.
                  | (rElec) [potion of mutation]
  6797 | D:7      | HP: 28/117 [acid (9)]
  7440 | D:7      | Reached skill level 3 in Stealth
  7875 | D:7      | Found Ytamau Ynuo's Armour Shop.
  7915 | D:8      | Noticed Gastronok
  7930 | D:8      | Reached XP level 9. HP: 84/86 MP: 9/9
  7962 | D:7      | HP: 12/86 [Gastronok (31)]
  7969 | D:7      | HP: 9/86 [Gastronok (11)]
  7971 | D:7      | Killed Gastronok
  7972 | D:7      | Reached skill level 8 in Fighting
  7972 | D:7      | Reached skill level 9 in Axes
  7972 | D:7      | Reached skill level 6 in Dodging
  7972 | D:7      | Reached skill level 4 in Stealth
  8421 | D:8      | Found a runed translucent gate.
  8421 | D:8      | Found a runed translucent gate.
  8421 | D:8      | Found a runed translucent gate.
  8422 | D:8      | Noticed Psyche
  8495 | D:8      | HP: 20/87 [gnoll sergeant/+0 spear (7)]
  8855 | D:8      | Reached skill level 9 in Fighting
  9026 | D:8      | Noticed Pikel
  9043 | D:8      | Killed Pikel
  9044 | D:8      | Reached skill level 1 in Evocations
  9044 | D:8      | Reached XP level 10. HP: 96/96 MP: 10/10
  9294 | D:8      | Noticed Maggie
  9327 | D:8      | Killed Maggie
  9328 | D:8      | Reached skill level 10 in Axes
  9328 | D:8      | Reached skill level 2 in Evocations
  9649 | D:8      | Killed Psyche
  9837 | D:8      | Noticed nago's ghost (novice DjSu)
  9977 | D:9      | Reached skill level 1 in Armour
  9989 | D:9      | Reached skill level 10 in Fighting
 10976 | D:9      | Reached skill level 1 in Shields
 11237 | D:10     | Entered Level 10 of the Dungeon
 11351 | D:10     | Reached skill level 2 in Armour
 11351 | D:10     | Reached skill level 3 in Evocations
 11510 | D:10     | Noticed a death yak
 12015 | D:1      | Bought 2 scrolls of brand weapon for 520 gold pieces
 12015 | D:1      | Bought a scroll of blinking for 97 gold pieces
 12015 | D:1      | Bought a scroll of identify for 26 gold pieces
 12404 | D:10     | Noticed a death yak
 12435 | D:10     | Reached skill level 11 in Axes
 12435 | D:10     | Reached XP level 11. HP: 107/107 MP: 11/11
 12445 | D:10     | Reached skill level 2 in Shields
 12469 | D:10     | HP: 24/107 [yak (10)]
 12874 | D:10     | Found a staircase to the Orcish Mines.
 12968 | D:10     | Noticed a death yak
 13086 | D:10     | Killed a death yak
 13093 | D:10     | Killed a death yak
 13094 | D:10     | Reached skill level 3 in Armour
 13101 | D:10     | Killed a death yak
 13102 | D:10     | Reached skill level 11 in Fighting
 13102 | D:10     | Reached skill level 3 in Shields
 13116 | D:10     | Reached *** piety under Trog
 13119 | D:10     | HP: 27/108 [yak (9)]
 13123 | D:10     | Reached skill level 4 in Evocations
 13416 | D:10     | Found a staircase to the Lair.
 13510 | D:11     | Found Tuuzask's Antique Armour Shoppe.
 13533 | D:11     | Noticed a cyclops
 13540 | D:11     | Killed a cyclops
 13795 | D:11     | Noticed a boulder beetle
 13803 | D:11     | Killed a boulder beetle
 13924 | D:11     | Noticed Fannar
 13977 | D:11     | Found a runed translucent door.
 13979 | D:11     | Noticed Megustar's ghost (journeyman DEFE)
 14747 | D:11     | HP: 23/108 [Fannar/refrigeration (8)]
 14748 | D:11     | HP: 7/108 [Fannar/staff of cold (7)]
 14749 | D:11     | Killed Fannar
 14750 | D:11     | Reached skill level 12 in Axes
 15212 | Lair:1   | Entered Level 1 of the Lair of Beasts
 15374 | Lair:1   | Reached skill level 4 in Shields
 15834 | Lair:1   | Reached skill level 4 in Armour
 15834 | Lair:1   | Reached XP level 12. HP: 59/117 MP: 12/12
 16473 | Lair:1   | Identified the +3 morningstar of Watchfulness {freeze, rC+
                  | Int+2}
 16911 | Lair:2   | Reached skill level 12 in Fighting
 16925 | Lair:2   | Found a dark tunnel.
 16932 | Volcano  | Entered a volcano
 16962 | Volcano  | Reached skill level 5 in Evocations
 17208 | Volcano  | Reached skill level 5 in Shields
 17347 | Volcano  | Noticed a hell knight
 17616 | Volcano  | HP: 17/118 [gargoyle/stone arrow (26)]
 17617 | Volcano  | Slain by a gargoyle

Illustrated notes

Levels and vault maps discovered:
D:1:      psy_arrival_dodecagon, layout_basic, serial_shops,
          nicolae_shop_hallway_plus, shapermc_ecumenical_altar_acropolis,
          minmay_tetromino_l4
D:2:      layout_rooms, kennysheep_big_empty_room
D:3:      layout_rooms, amcnicky_altar_gilded, lightli_sewer_entry_pipes,
          minmay_misc_feat_alley, uniq_natasha, uniq_jessica
D:4:      layout_cave_pools, pdpol_temple_overflow_zin_treasury_gozag_greed,
          nicolae_overflow_hallway_of_the_gods, dreamdust_gnoll_farm
D:5:      layout_rooms, ebering_ghost_reflecting_pool,
          dreamdust_mushroom_princess, uniq_ijyb
D:6:      layout_layer_cave, minmay_temple_entry_slanted,
          minmay_misc_feat_enclosed, dk_vineyard_3, wad_floor_pattern_2,
          nicolae_wooded_promenade
D:7:      layout_loops_ring, serial_shops, kennysheep_little_box,
          eino_small_chamber_without_monster
D:8:      layout_rooms, gammafunk_ghost_nasty_kobolds, uniq_gastronok,
          uniq_maggie, uniq_psyche, uniq_pikel
D:9:      nicolae_cairo_tiling, layout_irregular_city
D:10:     layout_roguey [special_room_orc], dpeg_lair_monsters, orc_0_dummy
D:11:     layout_stronghold, hellmonk_ghost_big_iron, serial_shops, shop,
          uniq_fannar
Lair:1:   hellmonk_destroyed_diamonds, layout_regular_city, guppyfry_lair_drakes
Lair:2:   layout_concentric_octagons, nicolae_volcano_entry_two_sided,
          beast_lair_carwin_11, lemuel_fruit_tree, uniq_erica
Volcano:  hellmonk_zot_springs

Skill      XL: |  1  2  3  4  5  6  7  8  9 10 11 12 |
---------------+-------------------------------------+-----
Dodging        | 3 4 5 6 |  6.7
Axes           | 4 5 6 7 9 11 12 | 12.9
Fighting       | 5 6 7 9 10 11 12 | 12.2
Stealth        | 2 3 4 |  4.1
Evocations     | 1 3 4 5 |  5.2
Armour         | 2 4 |  4.6
Shields        | 1 4 5 |  5.1

Action                   |  1- 3 |  4- 6 |  7- 9 | 10-12 || total
-------------------------+-------+-------+-------+-------++-------
Melee: Hand axe          |    95 |   132 |   330 |   222 ||   779
       Punch             |       |       |     3 |     1 ||     4
       War axe           |       |       |       |   282 ||   282
Invok: Berserk           |     1 |    11 |    20 |    22 ||    54
       Trog's Hand       |       |       |     2 |     5 ||     7
Evoke: Wand              |       |       |     2 |     9 ||    11
  Use: Scroll            |     6 |     3 |    11 |     7 ||    27
       Potion            |       |     2 |     6 |     2 ||    10
 Stab: Sleeping          |       |       |     1 |     2 ||     3
       Distracted        |       |       |       |     1 ||     1
       Invisible         |       |       |       |     3 ||     3
Armor: Animal skin       |    29 |    36 |    89 |     6 ||   160
       Steam dragon scal |       |       |       |   129 ||   129
Dodge: Dodged            |    55 |    39 |   137 |   175 ||   406
Block: Other             |     3 |    24 |    62 |    18 ||   107
       Reflection        |       |       |     2 |     3 ||     5
       Kite shield       |       |       |       |   195 ||   195

Table legend: (Time is in decaauts)
 A = Elapsed time spent in this place.
 B = Non-inter-level travel time spent in this place.
 C = Inter-level travel time spent in this place.
 D = Time resting spent in this place.
 E = Time spent auto-exploring this place.
 F = Levels seen in this place.
 G = Mean time per level.
                   A        B        C        D        E       F      G
               +--------+--------+--------+--------+--------+-----+--------+
         Total |  18095 |  17318 |    777 |   7040 |   7828 |  15 | 1206.3 |
       Dungeon |  15358 |  14641 |    717 |   5728 |   6876 |  11 | 1396.2 |
          Lair |   1746 |   1687 |     59 |    619 |    827 |   2 |  873.0 |
         Sewer |    282 |    282 |      0 |    187 |     42 |   1 |  282.0 |
       Volcano |    707 |    707 |      0 |    504 |     82 |   1 |  707.0 |
               +--------+--------+--------+--------+--------+-----+--------+

Top non-repeatable levels by time:
     D:7: 1875 daAuts
    D:10: 1760 daAuts
    D:11: 1726 daAuts
     D:9: 1715 daAuts
  Lair:1: 1688 daAuts
     D:6: 1671 daAuts
     D:4: 1346 daAuts
     D:8: 1345 daAuts
     D:5: 1331 daAuts
     D:3: 1067 daAuts
     D:1: 813 daAuts
 Volcano: 707 daAuts
     D:2: 705 daAuts
   Sewer: 282 daAuts
  Lair:2: 58 daAuts

Table legend:
 A = Kills in this place as a percentage of kills in entire the game.
 B = Kills by you in this place as a percentage of kills by you in the entire game.
 C = Kills by friends in this place as a percentage of kills by friends in the entire game.
 D = Other kills in this place as a percentage of other kills in the entire game.
 E = Experience gained in this place as a percentage of experience gained in the entire game.
 F = Experience gained in this place divided by the number of levels of this place that you have seen.
                   A       B       C       D       E      F
               +-------+-------+-------+-------+-------+----------------------
         Total | 100.0 | 100.0 |   N/A |   N/A | 100.0 | 1655.9
       Dungeon |  85.6 |  85.6 |   N/A |   N/A |  65.8 | 1485.9
          Lair |   9.3 |   9.3 |   N/A |   N/A |  21.4 | 2657.0
         Sewer |   2.7 |   2.7 |   N/A |   N/A |   0.2 |  51.0
       Volcano |   2.4 |   2.4 |   N/A |   N/A |  12.6 | 3129.0
               +-------+-------+-------+-------+-------+----------------------
